 Dungeon Crawl Stone Soup version 0.16.1-5-gaa23807 (webtiles) character file.

23 sugabear the Sneak (level 3, -2/16 HPs)
             Began as a Vine Stalker Enchanter on Mar 28, 2015.
             Slain by a gnoll
             ... wielding a +0 club
              (6 damage)
             ... on level 1 of the Dungeon.
             The game lasted 00:03:08 (598 turns).

sugabear the Sneak (Vine Stalker Enchanter)          Turns: 598, Time: 00:03:08

Health: -2/16      AC:  3    Str: 10    XL:     3   Next: 0%
Magic:  0/7        EV: 12    Int: 15    God:
Gold:   33         SH:  0    Dex: 15    Spells: 3 memorised, 0 levels left

rFire  . . .     SeeInvis .     a - +1 dagger
rCold  . . .     Clarity  .     b - +1 robe
rNeg   . . .     SustAb   .     (no shield)
rPois  .         Gourm    .     (no helmet)
rElec  .         Spirit   +     (no cloak)
rCorr  .         Warding  .     (no gloves)
rMut   .         Stasis   .     (no boots)
MR     .....                    (no amulet)
Stlth  +++.......               (no ring)
                                (no ring)

@: very slightly contaminated, not resistant to hostile enchantments, fairly
stealthy
A: fangs 2, regeneration 1, magic shield, antimagic bite, no device heal 3, rot
immunity
a: no special abilities


You were on level 1 of the Dungeon.
You were not hungry.

You visited 1 branch of the dungeon, and saw 2 of its levels.

You collected 33 gold pieces.

Inventory:

Hand weapons
 a - a +1 dagger (weapon)
 h - a cursed -3 dagger
Armour
 b - a +1 robe (worn)
Scrolls
 e - 4 scrolls of remove curse {unknown}
 i - a scroll of recharging {unknown}
Potions
 g - a potion of agility {unknown}
 k - a potion of curing {unknown}
Books
 c - a book of Maledictions

   Spells                             Type                      Level
   a - Corona                         Hexes                        1
   b - Sure Blade                     Hexes/Charms                 2
   c - Ensorcelled Hibernation        Hexes/Ice                    2
   d - Confuse                        Hexes                        3
   e - Dazzling Spray                 Conjuration/Hexes            3
   f - Enslavement                    Hexes                        4
Comestibles
 d - a bread ration
 f - a beef jerky
 j - 4 fruits


   Skills:
 + Level 0.8 Short Blades
 + Level 1.7 Dodging
 + Level 4.5 Stealth
 + Level 2.2 Spellcasting
 + Level 3.3 Hexes


You couldn't memorise any spells.
You knew the following spells:

 Your Spells              Type           Power        Failure   Level  Hunger
a - Corona                Hex            ##.....      8%          1    #......
b - Ensorcelled Hibernat  Hex/Ice        #.....       17%         2    ###....
c - Dazzling Spray        Conj/Hex       #.......     34%         3    ###....


Dungeon Overview and Level Annotations

Branches:
Dungeon (2/15)

Altars:


Innate Abilities, Weirdness & Mutations

You have extremely sharp teeth.
Your natural rate of healing is unusually fast.
When hurt, damage is shared between your health and your magic reserves.
Your bite disrupts and absorbs the magic of your enemies.
Potions and wands cannot restore your health.
You are immune to rotting.


Message History

You barely miss the gnoll.
The gnoll is almost dead.
The gnoll hits you with a club!
You hit the gnoll. You bite the gnoll, but do no damage.
The gnoll is almost dead.
The gnoll barely misses you.
Casting: Dazzling Spray
Confirm with . or Enter, or press ? or * to list all spells.
Aiming: Dazzling Spray
Press: ? - help, Shift-Dir - straight line, f/p - gnoll
Aim: a gnoll, wielding a club (almost dead)
You miscast Dazzling Spray.
You are very lightly contaminated with residual magic.
The light around you dims momentarily. The gnoll hits you with a club.
* * * LOW HITPOINT WARNING * * *
You are too injured to fight recklessly!
You hit the gnoll but do no damage.
The gnoll is almost dead.
The gnoll hits you with a club.
You die...

.## #...# ..### #...# ....#
##...### ....# #......## ####
..### #....#..#### ##... .##
##.....)....## #.... .#
#####..###.......#### ##...
.#####.....####..g.......## ###.
.##............>@.........# #.
.##.#.....#..#.......####.### #†
....#.....#..#...##### #...####.
....##...##.###...# ####....##.
.....#†..#..#(#...#####..[....##.
..#..##.##.##.##..##....#####....
..#...#.#..#...#.....#### ###..#
..#...###.##...##..#########...##
..##...#..#.....#....<....##.#...


You could see a gnoll.

Vanquished Creatures
  A worm (D:2)
  A giant cockroach (D:1)
  2 hobgoblins (D:1)
  A jackal (D:1)
  2 bats (D:1)
  A giant newt (D:1)
  2 goblins (D:1)
  3 kobolds (D:1)
  6 rats (D:1)
19 creatures vanquished.

Notes
Turn   | Place    | Note
--------------------------------------------------------------
     0 | D:1      | sugabear, the Vine Stalker Enchanter, began the quest for the Orb.
     0 | D:1      | Reached XP level 1. HP: 9/9 MP: 3/3
   127 | D:1      | Reached XP level 2. HP: 4/13 MP: 3/5
   150 | D:1      | Learned a level 2 spell: Ensorcelled Hibernation
   175 | D:1      | Reached skill level 4 in Stealth
   457 | D:1      | You fall through a shaft!
   546 | D:1      | Reached XP level 3. HP: 16/16 MP: 4/7
   551 | D:1      | Learned a level 3 spell: Dazzling Spray
   598 | D:1      | Slain by a gnoll

Action                   || total
-------------------------++-------
Melee: Dagger            ||    58
 Cast: Ensorcelled Hiber ||     8
       Dazzling Spray    ||     1
 Stab: Sleeping          ||     9
